 Dungeon Crawl Stone Soup version 0.28.0-53-g5a82cb258f (webtiles) character file.

Game seed: 15676975389668135830

148 safid the Chopper (level 5, -4/46 HPs)
             Began as a Hill Orc Fighter on Aug 12, 2022.
             Splashed by a jelly's acid (9 damage)
             ... in a sewer.
             The game lasted 00:03:42 (3124 turns).

safid the Chopper (Hill Orc Fighter)                Turns: 3124, Time: 00:03:43

Health: -4/46      AC:  4    Str: 21    XL:     5   Next: 30%
Magic:  5/5        EV:  9    Int:  8    God:
Gold:   83         SH:  4    Dex: 10    Spells: 4/4 levels left

rFire   . . .      SeeInvis .   a - +0 war axe
rCold   . . .      Faith    .   c - +0 buckler
rNeg    . . .      Spirit   .   b - +0 scale mail
rPois   .          Reflect  .   (no helmet)
rElec   .          Harm     .   (no cloak)
rCorr   .          Rampage  .   h - +0 pair of gloves
Will    .....                   (no boots)
Stlth   ..........              (no amulet)
HPRegen 0.15/turn               (no ring)
MPRegen 0.09/turn               (no ring)

@: mighty, corroded, very slow
A: no striking features
a: no special abilities


You were in a sewer.
You visited 1 branch of the dungeon, and saw 4 of its levels.
You also visited: Sewer.

You collected 83 gold pieces.

Inventory:

Hand Weapons
 a - a +0 war axe (weapon)
Missiles
 i - 3 boomerangs (quivered)
 l - 6 poisoned darts
Armour
 b - a +0 scale mail (worn)
 c - a +0 buckler (worn)
 h - a +0 pair of gloves (worn)
Jewellery
 f - an amulet of faith
Wands
 o - a wand of iceblast (6)
Scrolls
 g - 3 scrolls of identify {unknown}
 m - a scroll of enchant armour {unknown}
 n - a scroll of noise {unknown}
Potions
 d - a potion of might
 e - a potion of haste {unknown}
 j - a potion of brilliance {unknown}
 k - a potion of curing {unknown}
 p - a potion of flight {unknown}


   Skills:
 - Level 4.0 Fighting
 + Level 5.7 Axes
 - Level 4.0 Armour
 - Level 4.0 Shields


You had 4 spell levels left.
You didn't know any spells.
Your spell library contained the following spells:

 Spells                   Type           Power      Damage    Failure   Level
 Ensorcelled Hibernation  Hex/Ice        0%         N/A       92%         2
 Passwall                 Tmut/Erth      0%         N/A       92%         2
 Ignite Poison            Fire/Tmut/Pois 0%         N/A       99%         3
 Mephitic Cloud           Conj/Pois/Air  0%         N/A       99%         3
 Swiftness                Air            0%         N/A       99%         3
 Freezing Cloud           Conj/Ice/Air   0%         6-21      100%        5


Dungeon Overview and Level Annotations

Branches:
Dungeon (4/15)             Temple (0/1) D:4           Sewer (1/1)

Altars:
Elyvilon

Shops:
D:1 (


Message History

The rat barely misses you. The adder barely misses you. The endoplasm hits you.
The giant cockroach barely misses you.
You slash the endoplasm!
You kill the endoplasm!
You closely miss the adder. You hit the giant cockroach.
You closely miss the rat. The adder bites you but does no damage.
The rat splashes around in the water.
The giant cockroach splashes around in the water.
The adder closely misses you. The rat bites you but does no damage.
The jelly hits you.
You are splashed with acid!
You hit the giant cockroach.
You kill the giant cockroach!
You slash the rat!
You kill the rat!
You hit the jelly.
Your hands burn!
You hit the adder. You block the adder's attack. You block the jelly's attack.
The adder bites you but does no damage.
You hit the jelly. The acid corrodes you!
Your hands burn!
The jelly is heavily wounded.
You barely miss the adder. The adder bites you. You block the jelly's attack.
Unknown command.
You barely miss the jelly.
The jelly is heavily wounded.
You hit the adder. The adder closely misses you. The jelly hits you.
You are splashed with acid!
The adder closely misses you.
Unknown command.
You are too injured to fight recklessly!
Unknown command.
Your unstable footing causes you to fumble your attack.
The jelly hits you but does no damage. You block the adder's attack.
The jelly hits you. The acid corrodes you!
You are splashed with acid!
* * * LOW HITPOINT WARNING * * *
The adder barely misses you.
Unknown command.
You feel very mighty all of a sudden.
A rat comes into view.
You block the adder's attack. The jelly hits you.
* * * LOW HITPOINT WARNING * * *
You are splashed with acid!
You die...

#########
####.≈≈...≈. ##
##...≈.≈....≈
#≈.
#.....#######
#≈≈# ##≈≈≈###
#..≈# ##≈.≈##
#≈≈†###≈.≈≈#
#≈≈@≈.≈≈.##
##≈JS≈..##
######
#≈≈≈≈..≈##
#≈..≈≈
#...≈.≈≈..#
#....≈
#≈.≈≈≈≈≈#...#
#≈.###
.≈.##≈..##...#
#..#
≈.##.≈≈.≈##...≈
#..# .r #..#.!
.≈≈≈ #..###
#....≈


You could see a jelly, an adder and a rat (wandering).

Vanquished Creatures
  An orc wizard (D:3)
  An adder (D:3)
  A river rat (Sewer)
  2 dart slugs
  A worm (D:2)
  4 orcs (D:3)
  17 endoplasms
  4 giant cockroaches
  7 goblins
  2 hobgoblins
  7 jackals (D:1)
  4 quokkas
  5 ball pythons
  6 bats
  7 frilled lizards
  8 kobolds
  12 rats
89 creatures vanquished.

Notes
Turn   | Place    | Note
-------+----------+-------------------------------------------
     0 | D:1      | safid the Hill Orc Fighter began the quest for the Orb.
     0 | D:1      | Reached XP level 1. HP: 19/19 MP: 1/1
   169 | D:1      | Reached XP level 2. HP: 27/27 MP: 2/2
   170 | D:1      | Reached skill level 3 in Axes
   558 | D:1      | Reached XP level 3. HP: 33/33 MP: 3/3
   631 | D:1      | Found Zuffeh's Weapon Shoppe.
   861 | D:1      | Found a faded altar of an unknown god.
   987 | D:2      | Found a white marble altar of Elyvilon.
  1832 | D:3      | Reached XP level 4. HP: 40/40 MP: 4/4
  1854 | D:3      | Reached skill level 4 in Axes
  2802 | D:4      | Reached skill level 5 in Axes
  2853 | D:4      | Found a staircase to the Ecumenical Temple.
  2905 | D:4      | Reached XP level 5. HP: 41/46 MP: 5/5
  2925 | D:4      | Found a glowing drain.
  2933 | Sewer    | Entered a sewer
  3124 | Sewer    | Splashed by a jelly's acid

Illustrated notes

Levels and vault maps discovered:
D:1:      dpeg_arrival_houses_and_road, layout_loops_cross,
          dilly_ecumenical_altar_fadedgnrine, serial_shops,
          nicolae_shop_crystal, st_stairs_1
D:2:      layout_basic, basic_altar
D:3:      layout_loops_corners, kennysheep_generic_room_14
D:4:      layout_rooms, minitemple, minmay_temple_entry_drinking_statues,
          gup_sewer_entry_bubbles
Sewer:    sewer_hellmonk_slimy_pipes

Skill      XL: |  1  2  3  4 |
---------------+-------------+-----
Axes           | 3 5 |  5.7
Fighting       | 4 |  4.0
Shields        | 4 |  4.0
Armour         | 4 |  4.0

Action                   |  1- 3 |  4- 6 || total
-------------------------+-------+-------++-------
Melee: War axe           |   107 |   128 ||   235
  Use: Potion            |       |     1 ||     1
Armor: Scale mail        |    53 |    60 ||   113
Dodge: Dodged            |    57 |    46 ||   103
Block: Buckler           |    19 |    28 ||    47
